 Dungeon Crawl Stone Soup version 0.13-a0-2899-gc7fce8a (webtiles) character file.

14987 PolkaDot the Bewitcher (level 11, 0/68 HPs)
             Began as a Vampire Enchanter on Aug 30, 2013.
             Was the Champion of Sif Muna.
             Slain by a cyclops (10 damage)
             ... while paralysed by a giant eyeball
             ... on Level 11 of the Dungeon.
             The game lasted 01:24:58 (10847 turns).

PolkaDot the Bewitcher (Vampire Enchanter)         Turns: 10847, Time: 01:24:58

HP   0/68        AC 11     Str  7      XL: 11   Next: 87%
MP   9/22        EV  2     Int 19      God: Sif Muna [******]
Gold 619         SH  0     Dex 15      Spells:  6 memorised,  2 levels left

Res.Fire  : + . .   See Invis. : +   e - +0 dagger (speed)
Res.Cold  : + + +   Warding    : .   i - +2 robe {rC+ rF+} (curse)
Life Prot.: + + +   Conserve   : .   (no shield)
Res.Poison: +       Res.Corr.  : .   (no helmet)
Res.Elec. : .       Clarity    : .   z - +2 cloak {darkness}
Sust.Abil.: . .     Spirit.Shd : .   L - +2 pair of elf gauntlets
Res.Mut.  : .       Stasis     : .   R - +0 pair of boots
Res.Rott. : +       Flight     : .   h - amulet of the gourmand
Saprovore : . . .                    E - ring of positive energy
                                     j - ring of flight

@: paralysed, regenerating slowly, very slightly contaminated, somewhat
resistant to hostile enchantments, extraordinarily stealthy
A: bottle blood, fangs 3, see invisible, unbreathing
a: Bat Form, Bottle Blood, Channel Energy, Forget Spell, Renounce Religion,
Evoke Invisibility, Evoke Flight


You were on level 11 of the Dungeon.
You worshipped Sif Muna.
Sif Muna was exalted by your worship.
You were near bloodless.

You visited 1 branch of the dungeon, and saw 11 of its levels.
You also visited: Ossuary.

You collected 599 gold pieces.

Inventory:

Hand weapons
 e - a +0,+0 dagger of speed (weapon)
 Q - a +2,+2 demon blade of draining
Missiles
 d - 11 darts (quivered)
Armour
 i - a cursed +2 robe of resistance (worn)
 z - a +2 cloak of darkness (worn)
 L - a +2 pair of elven gauntlets (worn)
 R - a +0 pair of boots (worn)
Magical devices
 g - a wand of draining (8)
 k - a wand of polymorph (9)
 x - a wand of digging (5)
 y - a wand of fireball (3)
 F - a wand of enslavement (6)
 G - a wand of frost (6)
 I - a wand of flame (14)
Scrolls
 b - 6 scrolls of identify
 m - 5 scrolls of remove curse
 p - 3 scrolls of enchant weapon I {unknown}
 r - a scroll of blinking
 t - a scroll of enchant weapon II
 u - 2 scrolls of teleportation
 v - 4 scrolls of amnesia
 w - 4 scrolls of recharging {unknown}
 J - a scroll of curse armour
 K - 2 scrolls of fear
 N - a scroll of fog {unknown}
 P - a scroll of vulnerability {unknown}
 S - a scroll of immolation {unknown}
Jewellery
 h - an amulet of the gourmand (around neck)
 j - a ring of flight (left hand)
 l - a cursed ring of protection from cold
 q - an uncursed ring of hunger
 E - a ring of positive energy (right hand)
Potions
 a - a potion of berserk rage
 f - a potion of confusion
 n - 2 potions of restore abilities
 o - 3 potions of agility
 s - 3 potions of might
 A - a potion of degeneration
 B - 3 potions of flight
 C - 3 potions of heal wounds
 D - a potion of brilliance
 O - 2 potions of curing
Books
 c - a book of Maledictions

   Spells                             Type                      Level
   *Corona                            Hexes                        1
   Sure Blade                         Hexes/Charms                 2
   *Ensorcelled Hibernation           Hexes/Ice                    2
   *Confuse                           Hexes                        3
   *Enslavement                       Hexes                        4
   *Invisibility                      Hexes                        6
 H - a book of Party Tricks

   Spells                             Type                      Level
   Summon Butterflies                 Summoning                    1
   *Apportation                       Translocation                1
   Blink                              Translocation                2
   Alistair's Intoxication            Transmutation/Poison         4
   Tukima's Dance                     Hexes                        5
 M - a book of Power

   Spells                             Type                      Level
   Iskenderun's Mystic Blast          Conjuration                  4
   Venom Bolt                         Conjuration/Poison           5
   Bolt of Magma                      Conjuration/Fire/Earth       5
   Fulminant Prism                    Conjuration/Hexes            5
   Iron Shot                          Conjuration/Earth            6
   Orb of Destruction                 Conjuration                  7
 T - a book of Debilitation

   Spells                             Type                      Level
   *Corona                            Hexes                        1
   Slow                               Hexes                        2
   Inner Flame                        Hexes/Fire                   3
   *Enslavement                       Hexes                        4
   Cause Fear                         Hexes                        4
   Leda's Liquefaction                Hexes/Earth                  4


   Skills:
 - Level 0.1 Fighting
 - Level 2.4 Short Blades
 - Level 0.7 Throwing
 - Level 2.4 Dodging
 + Level 15.3 Stealth
 * Level 4.5 Spellcasting
 + Level 17.1 Hexes
 - Level 7.3 Ice Magic
 + Level 4.4 Invocations


You had 2 spell levels left.
You knew the following spells:

 Your Spells              Type           Power        Failure   Level  Hunger
a - Corona                Hex            ######.      0%          1    None
c - Confuse               Hex            ######..     1%          3    ###....
d - Ensorcelled Hibernat  Hex/Ice        ######       1%          2    #......
e - Enslavement           Hex            ######..     1%          4    ####...
i - Invisibility          Hex            ######..     1%          6    #######
A - Apportation           Tloc           #.........   14%         1    None


Dungeon Overview and Level Annotations

Branches:
Dungeon (11/27)            Temple (0/1) D:4             Orc (0/4) D:11
   Lair (0/8) D:10

Altars:
Ashenzari
Sif Muna
Trog
Vehumet

Shops:
D:4 *   D:7 +


Innate Abilities, Weirdness & Mutations

You heal slowly.
You can bottle blood from corpses.
You have razor-sharp teeth.*
You have supernaturally acute eyesight.
You can survive without breathing.*


Message History

You hit the phantom.
The phantom is almost destroyed.
The phantom hits you!
You catch the helpless phantom completely off-guard!
You impale the phantom!!
You destroy the phantom!
A yak comes into view.
The yak moves out of view.
A giant eyeball comes into view.
A yak comes into view.
The yak bellows!
The cyclops hits you. The giant eyeball stares at you.
You suddenly lose the ability to move!
The yak gores you but does no damage. The cyclops hits you!
* * * LOW HITPOINT WARNING * * *
The yak gores you.
* * * LOW HITPOINT WARNING * * *
A yak comes into view.
The cyclops hits you!
You die...

#............ #......
#............# #......
#............# #......
#..?.........#.#......
#..?.........#........
#.....p......###......
####'######### #######
#C.# ###..
####@####### #....
##....Y..Y.... #....
#.).###≈.G≈## #....
#..#...#≈≈#Y. #.%..
#..#.⌠.#≈≈# #....
#..#...#≈≈# .# #....
#...###≈≈≈≈###..##....
#.....≈≈≈≈≈≈..........
#.....≈≈≈≈≈≈....##....


You could see a cyclops, 3 yaks and a giant eyeball.

Vanquished Creatures
  Pikel (D:5)
  4 orc knights (D:10)
  3 hill giants
  Psyche (D:8)
  2 trolls (D:9)
  2 wyverns
  6 yaks (D:11)
  A steam dragon (D:11)
  A hungry ghost (D:8)
  A manticore (D:6)
  A necrophage (D:10)
  A human (D:10)
  10 orc warriors
  A yellow wasp (D:8)
  4 sky beasts
  4 ice beasts
  10 centaurs
  8 ogres
  6 phantoms
  A water moccasin (D:8)
  13 wargs (D:10)
  8 giant frogs
  Blork the orc (D:5)
  2 agate snails (D:10)
  12 killer bees
  A yak skeleton (D:11)
  13 wights
  14 crimson imps
  A quasit (D:10)
  A centaur zombie (D:7)
  12 orc wizards
  4 hounds
  2 jellies
  13 orc priests
  2 scorpions
  A giant frog skeleton (D:11)
  7 iguanas
  10 worker ants
  4 sheep (D:10)
  A big kobold zombie (D:9)
  A hound skeleton (D:5)
  A hound zombie (D:9)
  5 mummies
  2 worker ant zombies
  14 adders
  2 giant centipedes
  3 giant mites
  4 white imps (D:11)
  6 worms
  3 adder zombies (Ossuary)
  An iguana skeleton (D:3)
  An adder skeleton (D:6)
  8 giant eyeballs
  7 giant geckos
  An ooze (D:1)
  79 orcs
  9 giant cockroaches
  15 goblins
  21 hobgoblins
  6 quokkas
  A ball python (D:5)
  13 bats
  4 giant newts
  A giant newt skeleton (D:4)
  A giant spore (D:8)
  A gnoll zombie (D:6)
  3 goblin zombies
  2 hobgoblin zombies (Ossuary)
  3 jackals (D:3)
  21 kobolds
  5 kobold zombies (Ossuary)
  An orc skeleton (D:9)
  2 quokka zombies (Ossuary)
  16 rats
  5 rat zombies
  3 ballistomycetes (D:8)
461 creatures vanquished.

Vanquished Creatures (collateral kills)
  An orc warrior (D:10)
  4 orcs (D:10)
5 creatures vanquished.

Vanquished Creatures (others)
  4 slaves (D:5)
  A quokka (D:6)
5 creatures vanquished.

Grand Total: 471 creatures vanquished

Notes
Turn   | Place    | Note
--------------------------------------------------------------
     0 | D:1      | PolkaDot, the Vampire Enchanter, began the quest for the Orb.
     0 | D:1      | Reached XP level 1. HP: 13/13 MP: 4/4
   123 | D:1      | Reached skill level 5 in Hexes
   127 | D:1      | Reached XP level 2. HP: 14/19 MP: 5/5
   676 | D:1      | Reached XP level 3. HP: 24/24 MP: 6/6
   779 | D:2      | Noticed a giant goldfish
   783 | D:2      | Noticed a giant goldfish
  1046 | D:2      | Found a deep blue altar of Sif Muna.
  1060 | D:2      | Found a radiant altar of Vehumet.
  1076 | D:2      | Became a worshipper of Sif Muna the Loreminder
  1081 | D:2      | Learned a level 3 spell: Confuse
  1721 | D:2      | Reached XP level 4. HP: 13/30 MP: 0/8
  2740 | D:4      | Got a polished large shield
  2749 | D:4      | Identified the +3 large shield "Gauthrab" {rElec Str-2 Dex+2} (You found it on level 4 of the Dungeon)
  2762 | D:4      | Noticed a phantom
  2799 | D:4      | Paralysed by a giant eyeball for 2 turns
  2806 | D:4      | Reached skill level 6 in Hexes
  2859 | D:4      | Reached skill level 5 in Stealth
  2959 | D:4      | Reached XP level 5. HP: 4/35 MP: 2/9
  3708 | D:4      | Found Phyor's Assorted Antiques.
  3782 | D:4      | Killed a phantom
  3782 | D:4      | Reached skill level 7 in Hexes
  3782 | D:4      | Reached XP level 6. HP: 22/41 MP: 7/11
  3828 | D:4      | Found a staircase to the Ecumenical Temple.
  4172 | D:5      | Entered Level 5 of the Dungeon
  4308 | D:5      | Learned a level 4 spell: Enslavement
  4308 | D:5      | Wintrow: Good afternoon :)
  4309 | D:5      | Noticed Pikel
  4342 | D:5      | PolkaDot: Afternoon
  4342 | D:5      | PolkaDot: it'll be slow going today, kids EVERYWHERE >.<
  4342 | D:5      | Wintrow: haha :)
  4342 | D:5      | PolkaDot: The distraction is my excuse for this sticky situation too
  4342 | D:5      | PolkaDot: anyways, how are you?
  4379 | D:5      | Wintrow: Good, good, watching futurama and enjoying my vacation. Gonna play some payday2 with friends later. You?
  4379 | D:5      | PolkaDot: payday? never heard of that one. Should be at the charity shop, but family
  4379 | D:5      | PolkaDot: So I'm stuck here not doing much of anything
  4379 | D:5      | Wintrow: relaxing is good to :)
  4379 | D:5      | PolkaDot: Quite
  4466 | D:5      | Acquired Sif Muna's first power
  4487 | D:5      | Reached skill level 8 in Hexes
  4505 | D:5      | Reached XP level 7. HP: 35/46 MP: 11/14
  4551 | D:5      | Noticed Blork the orc
  4581 | D:5      | PolkaDot: This is one of favourtie things to do. :D
  4600 | D:5      | Wintrow: nice! and the slaves are friendly now to. well neutral
  4613 | D:5      | PolkaDot: if they can surround him, they SLAUGHTER him... As it is, I'll take the kill
  4646 | D:5      | Killed Pikel
  4823 | D:5      | Killed Blork the orc
  4859 | D:5      | Reached skill level 9 in Hexes
  4953 | D:5      | Reached XP level 8. HP: 52/52 MP: 18/18
  5002 | D:5      | Learned a level 6 spell: Invisibility
  5093 | D:6      | Acquired Sif Muna's second power
  5093 | D:6      | Reached skill level 10 in Hexes
  5228 | D:6      | Found a sand-covered staircase.
  5237 | Ossuary  | Entered an ossuary
  5611 | Ossuary  | Reached skill level 11 in Hexes
  5846 | D:6      | Reached skill level 10 in Stealth
  5934 | D:6      | Wintrow: you're spending a lot of time bloodless and not regenerating health. You get super fast helath regen if you feed up to Alive status.
  5957 | D:6      | Wintrow: but you lose undead immunities :)
  6002 | D:6      | PolkaDot: Stealth. health is not so much of a worry if I'm careful
  6002 | D:6      | PolkaDot: I might get something with Regen later, we'll se ehow it goes
  6096 | D:6      | Reached skill level 12 in Hexes
  6349 | D:7      | Reached XP level 9. HP: 52/57 MP: 19/19
  6660 | D:7      | Reached skill level 13 in Hexes
  6812 | D:7      | Found Fiff's Book Boutique.
  7027 | D:8      | Found a shattered altar of Ashenzari.
  7041 | D:8      | Reached skill level 14 in Hexes
  7245 | D:8      | Acquired Sif Muna's third power
  7251 | D:8      | Noticed Psyche
  7258 | D:8      | Killed Psyche
  7258 | D:8      | Reached skill level 15 in Hexes
  7258 | D:8      | Reached XP level 10. HP: 28/63 MP: 13/20
  7284 | D:8      | Found a bloodstained altar of Trog.
  7314 | D:8      | Learned a level 2 spell: Ensorcelled Hibernation
  7714 | D:9      | Reached skill level 1 in Ice Magic
  8320 | D:9      | Reached skill level 1 in Invocations
  8346 | D:9      | Reached skill level 16 in Hexes
  8396 | D:10     | Entered Level 10 of the Dungeon
  8434 | D:10     | Found a staircase to the Lair.
  8610 | D:10     | Wintrow: looks like a castle :) those are fun
  8795 | D:10     | Noticed an orc knight
  8806 | D:10     | Killed an orc knight
  8806 | D:10     | Reached skill level 5 in Ice Magic
  8926 | D:10     | Noticed an orc knight
  8947 | D:10     | Reached XP level 11. HP: 68/68 MP: 6/21
  8949 | D:10     | PolkaDot: yep. All these mooks aregood practice for watching the mp, too :)
  8968 | D:10     | Killed an orc knight
  9022 | D:10     | Noticed an orc knight
  9028 | D:10     | Killed an orc knight
  9042 | D:10     | Noticed an orc knight
  9055 | D:10     | Killed an orc knight
  9175 | D:10     | Identified a scroll of acquirement
  9417 | D:10     | Learned a level 1 spell: Apportation
  9483 | D:10     | Paralysed by a giant eyeball for 2 turns
  9490 | D:10     | Paralysed by a giant eyeball for 3 turns
  9771 | D:10     | Noticed a hill giant
  9786 | D:10     | Killed a hill giant
 10040 | D:11     | Found a staircase to the Orcish Mines.
 10213 | D:11     | Wintrow: those rooms are kinda unfair. imagine being a minotaur warrior
 10258 | D:11     | Wintrow: boom triple smite upon opening the door
 10258 | D:11     | PolkaDot: Oooouch
 10258 | D:11     | PolkaDot: I dread my eventual attempts at a melee char
 10487 | D:11     | Reached skill level 15 in Stealth
 10545 | D:11     | Noticed a hill giant
 10552 | D:11     | Killed a hill giant
 10592 | D:11     | Reached skill level 17 in Hexes
 10594 | D:11     | Received a gift from Sif Muna
 10808 | D:11     | Wintrow: no steam dragon hide :(
 10819 | D:11     | Noticed a hill giant
 10821 | D:11     | PolkaDot: There's (probably) be other chances :)
 10835 | D:11     | Killed a hill giant
 10844 | D:11     | Paralysed by a giant eyeball for 4 turns
 10844 | D:11     | PolkaDot: Well... Crap
 10847 | D:11     | Slain by a cyclops

Action                   |  1- 3 |  4- 6 |  7- 9 | 10-12 || total
-------------------------+-------+-------+-------+-------++-------
Melee: Dagger            |   144 |   255 |   402 |   509 ||  1310
       Unarmed           |       |    33 |       |       ||    33
Throw: Dart              |       |       |       |     1 ||     1
 Cast: Confuse           |     4 |    27 |    51 |    29 ||   111
       Enslavement       |       |     1 |     2 |     6 ||     9
       Invisibility      |       |       |     8 |    15 ||    23
       Corona            |       |       |     3 |       ||     3
       Ensorcelled Hiber |       |       |       |   138 ||   138
Invok: Channel Energy    |       |       |     9 |    95 ||   104
 Abil: Evoke Flight      |     2 |       |       |       ||     2
       End Transformatio |       |     1 |       |       ||     1
       Bat Form          |       |     1 |       |       ||     1
Evoke: Wand              |       |       |     1 |     9 ||    10
  Use: Scroll            |     2 |     1 |    12 |    11 ||    26
       Potion            |       |    13 |       |       ||    13
 Stab: Sleeping          |    14 |    10 |    59 |   175 ||   258
       Confused          |     2 |    14 |    32 |    17 ||    65
       Distracted        |       |     2 |       |     4 ||     6
       Invisible         |       |       |    13 |    31 ||    44
       Betrayed ally     |       |       |       |     1 ||     1
